Yogami, lawful male human Samurai ----- --------- |.{.. |.......| |...| |.....).| #...^| |.......| #----- ##.....^..| #### # -.------- ----------- # ### |@[[[[[[[.| # # |[q[[[[[[.| # # |[[e[[[[[.| # -------# |[[[[.[[.@(# # ......|# -----------# # |<....|# #)#######` # |.....|# # --.---# |.....|# ### |....|# |.....|# # |.....# |......# ###|....| ------- #.....| ------ Yogami the Ronin Experience level: 5 Strength: 16 Dexterity: 16 Constitution: 18 Intelligence: 10 Wisdom: 7 Charisma: 8 Health: 0(46) Energy: 16(16) Def: 6 Gold: 0 Moves: 1242 Dungeon seed: qYX_6zuaZisTsjrt Game ID: Yogami_1466544401 Your Inventory: Weapons a - an uncursed corroded +1 katana (weapon in hand) b - an uncursed -1 wakizashi c - an uncursed +0 yumi (alternate weapon; not wielded) d - 28 uncursed +0 ya (in quiver) u - a blessed +1 long sword Armor e - an uncursed rustproof +0 splint mail (being worn) n - an uncursed +0 orcish helm z - an uncursed +0 pair of yugake Comestibles g - an uncursed guava j - 2 uncursed tripe rations k - 2 uncursed lichen corpses m - an uncursed tin of spinach o - an uncursed candy bar p - an uncursed orange r - 2 uncursed apples Potions i - an uncursed potion of healing Tools f - an uncursed blindfold t - a blessed wax candle (0:400) Gems q - 2 uncursed worthless pieces of blue glass y - an uncursed jasper stone Spells and supernatural/magical abilities: Name Level Category Fail Memory W - pray for help -- divine ? -- Your skills at the end: Fighting Skills martial arts [Basic] wands [Basic] Weapon Skills short sword [Basic] long sword [Basic] bow [Basic] Spellcasting Skills Final Attributes: You were piously aligned. You were fast. You were lucky. You are dead. Vanquished creatures: 2 small mimics a leprechaun a little dog a homunculus a giant bat 2 dwarf zombies 3 iguanas an acid blob a coyote a gas spore 3 giant rats a red mold 3 gnomes a gnome zombie 6 jackals 3 goblins 2 sewer rats 3 grid bugs 5 lichens 2 kobold zombies 2 newts 45 creatures vanquished. Voluntary challenges: You used a wielded weapon 53 times, starting on turn 2. You read items or engraved 2 times, starting on turn 112. You never genocided any monsters. You never polymorphed an object. You never changed form. You used no wishes. You never split a pudding. You never wrote Elbereth's name. You never violated your personal moral code. Dungeon overview: The Dungeons of Doom: levels 1 to 5 Level 1 a fountain a long staircase Level 2 a fountain Level 3 a general store, a fountain Level 4 stairs to The Gnomish Mines Level 5 <- You were here an armor shop, a fountain The Gnomish Mines: Level 5 stairs to The Dungeons of Doom History has recorded: On T:1 you entered the Dungeons of Doom to retrieve the Amulet of Yendor! On T:235 you reached level 2 of The Dungeons of Doom. On T:236 you advanced to experience level 2. On T:510 you reached level 3 of The Dungeons of Doom. On T:511 you advanced to experience level 3. On T:586 you advanced to experience level 4. On T:881 you reached level 4 of The Dungeons of Doom. On T:967 you reached level 5 of The Dungeons of Doom. On T:1041 you reached level 1 of The Gnomish Mines. On T:1087 you advanced to experience level 5. Score breakdown: Gold: 0 ( 0 points) Experience: 5 levels (11141 points) Exploration: 5 levels ( 10.20%) ( 8660 points) Discoveries: 3 items ( 1.20%) ( 3292 points) Valuables value: (no points given unless you survive) Artifact value: 0 ( 0 points) Variety of kills: 21 monsters ( 5.48%) ( 7024 points) Turncount: 1242 turns ( 0 points) Survival: died (score multiplied by 80%) Total score: 24093 Latest messages: You see here an elven mithril-coat (346 zorkmids). You see here a leather armor (6 zorkmids). You see here a faded pall (80 zorkmids). You see here an orcish cloak (53 zorkmids). You see here a pair of iron shoes (21 zorkmids). You see here a pair of snow boots (10 zorkmids). You see here a pair of yugake (10 zorkmids). "For you, esteemed sir; only 10 for this pair of yugake." z - a pair of yugake (unpaid, 10 zorkmids). The rothe hits! The rothe bites! (2x) You hit the rothe! The rothe misses. The rothe bites! (2x) You begin praying to Amaterasu Omikami. The rothe hits! The rothe bites! (2x) The rothe hits! The rothe bites! (2x) You die... Iskenderun comes and takes all your possessions. Final status: Sayonara Yogami the Samurai, killed by a rothe, while praying... You died in The Dungeons of Doom on dungeon level 5 with 24093 points, and 0 pieces of gold, after 1242 moves. You were level 5 with a maximum of 46 hit points when you died.